 Dungeon Crawl Stone Soup version 0.29.0-13-gc9e81de378 (webtiles) character file.

Game seed: 4043314750990054948

5267 purpskrrrp the Grappler (level 10, -1/100 HPs)
             Began as a Troll Fighter on Sept 7, 2022.
             Was a Priest of Cheibriados.
             Slain by a killer bee (10 damage)
             ... on level 8 of the Dungeon.
             The game lasted 00:16:01 (5306 turns).

purpskrrrp the Grappler (Troll Fighter)             Turns: 5306, Time: 00:16:01

Health: -1/100     AC:  0    Str: 34    XL:     10   Next: 36%
Magic:  9/9        EV:  8    Int: 12    God:    Cheibriados [***...]
Gold:   367        SH: 23    Dex: 19    Spells: 9/9 levels left

rFire   . . .      SeeInvis .     - Unarmed
rCold   + . .      Faith    .   k - +7 tower shield of the Black Moon {Dex+4}
rNeg    . . .      Spirit   .   a - +0 robe
rPois   .          Reflect  .   (helmet restricted)
rElec   +          Harm     .   (no cloak)
rCorr   .          Rampage  .   (gloves unavailable)
Will    .....                   (boots unavailable)
Stlth   ++........              u - amulet "Ziunedd" {RegenMP *Corrode rElec rC+ Slay+4}
HPRegen 1.06/turn               (no ring)
MPRegen 0.51/turn               (no ring)

@: lethally poisoned (-1 -> -12), corroded, very slow
A: large, unfitting armour, claws 3, regeneration 1, shaggy fur 1, tough skin 1
a: Renounce Religion, Bend Time, Temporal Distortion


You were on level 8 of the Dungeon.
You worshipped Cheibriados.
Cheibriados was most pleased with you.
You visited 2 branches of the dungeon, and saw 9 of its levels.
You also visited: Sewer.

You collected 447 gold pieces.
You spent 80 gold pieces at shops.

Inventory:

Armour
 a - a +0 robe (worn)
 b - a +1 kite shield
 k - the +7 tower shield of the Black Moon (worn) {Dex+4}
   (You acquired it on level 3 of the Dungeon)

   Dex:       It affects your dexterity (+4).
Jewellery
 c - a ring of fire
 t - an amulet of reflection
 u - the amulet "Ziunedd" (around neck) {RegenMP *Corrode rElec rC+ Slay+4}
   (You acquired it on level 5 of the Dungeon)

   [amulet of magic regeneration]

   It increases your rate of magic regeneration.
   Slay:      It affects your accuracy & damage with ranged weapons and melee
   (+4).
   rC:        It protects you from cold.
   rElec:     It insulates you from electricity.
   *Corrode:  It may corrode you when you take damage.
Wands
 s - a wand of light (12)
Scrolls
 d - a scroll of amnesia {unknown}
 f - 2 scrolls of immolation
 h - 2 scrolls of blinking
 m - 2 scrolls of fog
 o - 2 scrolls of teleportation {unknown}
 q - 3 scrolls of vulnerability
 v - 2 scrolls of enchant armour
 x - a scroll of identify
 y - a scroll of noise {unknown}
Potions
 e - 6 potions of curing
 g - 4 potions of heal wounds
 i - a potion of resistance {unknown}
 j - 3 potions of haste {unknown}
 l - 3 potions of attraction
 n - 2 potions of brilliance
 p - a potion of flight {unknown}
 r - 2 potions of mutation {unknown}
 w - a potion of ambrosia {unknown}
 z - a potion of might


   Skills:
 + Level 6.9 Fighting
 - Level 2.4 Dodging
 + Level 7.6 Shields
 * Level 11.1 Unarmed Combat


You had 9 spell levels left.
You didn't know any spells.
Your spell library contained the following spells:

 Spells                   Type           Power      Damage    Failure   Level
 Apportation              Tloc           0%         N/A       86%         1
 Necrotise                Necr           0%         1d4       86%         1
 Sting                    Tmut/Pois      0%         1d3       86%         1
 Summon Small Mammal      Summ           0%         N/A       86%         1
 Ensorcelled Hibernation  Hex/Ice        0%         N/A       94%         2
 Passwall                 Tmut/Erth      0%         N/A       94%         2
 Poisonous Vapours        Pois/Air       0%         N/A       94%         2
 Call Canine Familiar     Summ           0%         N/A       99%         3
 Dazzling Flash           Conj/Hex       0%         N/A       99%         3
 Summon Guardian Golem    Hex/Summ       0%         N/A       99%         3
 Swiftness                Air            0%         N/A       99%         3
 Iskenderun's Mystic Bla  Conj/Tloc      0%         2d3       100%        4
 Olgreb's Toxic Radiance  Pois           0%         N/A       100%        4
 Starburst                Conj/Fire      0%         6d3       100%        6


Dungeon Overview and Level Annotations

Branches:
Dungeon (8/15)             Temple (1/1) D:5           Sewer (visited)
   Lair: D:8-11

Altars:
Ashenzari
Cheibriados
Dithmenos
Elyvilon
Fedhas
Gozag
Kikubaaqudgha
Makhleb
Nemelex Xobeh
Okawaru
Qazlal
Sif Muna
Trog
Uskayaw
Wu Jian
Xom
Yredelemnul
Zin

Shops:
D:2 :   D:5 *


Innate Abilities, Weirdness & Mutations

You are too large for most types of armour.
You have claws for hands.
Your natural rate of healing is unusually fast.
You are covered in fur. (AC +1)
You have tough skin. (AC +1)


Message History

You are more poisoned.
The killer bee poisons you! The killer bee stings you.
Your corrosive artefact corrodes you!
The killer bee barely misses you.
You scratch the killer bee.
The killer bee is moderately wounded.
You feel very sick.
You block the killer bee's attack. x2; The killer bee barely misses you.
The killer bee completely misses you. The killer bee stings you!
You are more poisoned.
The killer bee poisons you! You block the killer bee's attack.
The killer bee closely misses you. The killer bee stings you.
You closely miss the killer bee.
The killer bee is moderately wounded.
You feel very sick. You block the killer bee's attack.
The killer bee closely misses you. The killer bee stings you.
You are more poisoned.
The killer bee poisons you! You block the killer bee's attack.
You are too injured to fight recklessly!
You are too injured to fight recklessly!
Unknown command.
You are too injured to fight recklessly!
You are too injured to fight recklessly!
Unknown command.
You claw the killer bee!
The killer bee is severely wounded.
You feel very sick.
You block the killer bee's attack. x2; The killer bee stings you.
You block the killer bee's attack. x2; The killer bee stings you!
The killer bee closely misses you. x2
You scratch the killer bee but do no damage.
The killer bee is severely wounded.
You feel very sick.
You block the killer bee's attack. x2; The killer bee stings you!
* * * LOW HITPOINT WARNING * * *
The killer bee closely misses you. You block the killer bee's attack. x2
The killer bee stings you!
* * * LOW HITPOINT WARNING * * *
The killer bee stings you!
You die...

####### # ###......# #.
#........#
#.####.#......#
#.......y.....#
#######...†@y.....#
......#.###yy.....#
####>.....).y).....'
#.......#)#........#
#.#######.#.......##
#####'###.....#.......#
....).....†.###.......#
####.)......# #.......#
#<##).....<.+
..........


You could see 5 killer bees.

Vanquished Creatures
  The ghost of Jase the Fighter, a novice MiFi of Zin (D:6)
  A komodo dragon (D:8)
  A troll (D:6)
  Grinder (D:6)
  6 yaks
  3 water moccasins
  A black bear (D:4)
  2 hornet zombies (D:7)
  3 ogres (D:5)
  3 ice beasts (D:6)
  3 centaurs
  A kobold brigand (D:8)
  3 bullfrogs (D:8)
  3 scorpions
  A wyvern zombie (D:7)
  7 wights
  2 hornet simulacra (D:6)
  A killer bee (D:8)
  An electric eel (D:7)
  A howler monkey (D:5)
  2 hounds
  4 centaur zombies (D:7)
  2 jellies (D:7)
  11 iguanas
  An orc wizard (D:8)
  A killer bee zombie (D:7)
  A bullfrog simulacrum (D:6)
  A howler monkey zombie (D:7)
  6 adders
  7 river rats (Sewer)
  A shadow imp (D:6)
  5 white imps
  6 worms
  3 dart slugs
  16 orcs
  8 endoplasms
  9 giant cockroaches
  8 goblins
  9 hobgoblins
  5 jackals (D:1)
  6 quokkas
  11 ball pythons
  11 bats
  3 frilled lizards
  29 kobolds
  25 rats
236 creatures vanquished.

Vanquished Creatures (others)
  30 fungi (D:8)
  26 plants (D:8)
  5 withered plants (D:7)
61 creatures vanquished.

Grand Total: 297 creatures vanquished

Notes
Turn   | Place    | Note
-------+----------+-------------------------------------------
     0 | D:1      | purpskrrrp the Troll Fighter began the quest for the Orb.
     0 | D:1      | Reached XP level 1. HP: 22/22 MP: 0/0
    77 | D:1      | Reached XP level 2. HP: 25/29 MP: 1/1
   246 | D:1      | Reached XP level 3. HP: 36/36 MP: 2/2
   309 | D:1      | Reached skill level 3 in Unarmed Combat
   671 | D:2      | Found Vossotum's Book Shoppe.
   724 | D:2      | Reached XP level 4. HP: 44/44 MP: 3/3
   783 | D:2      | Identified the +5 hand axe of Cuximih {elec, *Rage rF+ rC+
                  | Will+}
   934 | D:2      | Found a faded altar of an unknown god.
  1297 | D:3      | Found a blossoming altar of Fedhas.
  1303 | D:3      | Identified the +1 hand axe of the Spectre {venom, rF+ Str-5
                  | SInv}
  1640 | D:3      | Identified a scroll of acquirement
  1640 | D:3      | Acquired the +7 tower shield of the Black Moon {Dex+4}
  1683 | D:4      | Noticed a black bear
  1706 | D:4      | Killed a black bear
  1707 | D:4      | Reached skill level 4 in Unarmed Combat
  1707 | D:4      | Reached XP level 5. HP: 24/53 MP: 4/4
  1807 | D:4      | Found a glowing drain.
  1827 | Sewer    | Entered a sewer
  1907 | Sewer    | Reached XP level 6. HP: 48/61 MP: 5/5
  2153 | Sewer    | Reached skill level 5 in Unarmed Combat
  2600 | D:4      | You fall into a shaft and drop 2 floors!
  2600 | D:6      | Found a runed translucent gate.
  2600 | D:6      | Found a runed translucent gate.
  2600 | D:6      | Found a runed translucent gate.
  2620 | D:6      | Noticed Jase's ghost (novice MiFi)
  2674 | D:6      | Noticed Grinder
  2678 | D:6      | Paralysed by Grinder for 4 turns
  2692 | D:6      | Paralysed by Grinder for 5 turns
  2704 | D:6      | Killed Grinder
  2705 | D:6      | Reached XP level 7. HP: 21/70 MP: 6/6
  2768 | D:5      | Entered Level 5 of the Dungeon
  2788 | D:5      | Reached skill level 6 in Unarmed Combat
  3092 | D:5      | Found a staircase to the Ecumenical Temple.
  3121 | Temple   | Entered the Ecumenical Temple
  3265 | Temple   | Became a worshipper of Cheibriados the Contemplative
  3419 | D:5      | Found Exkuasm's General Store.
  3438 | D:5      | Bought a potion of curing for 30 gold pieces
  3438 | D:5      | Bought a potion of heal wounds for 50 gold pieces
  3442 | D:5      | Acquired the amulet "Ziunedd" {RegenMP *Corrode rElec rC+
                  | Slay+4}
  3535 | D:5      | Reached skill level 5 in Shields
  3535 | D:5      | Reached skill level 7 in Unarmed Combat
  3535 | D:5      | Reached XP level 8. HP: 67/79 MP: 7/7
  3856 | D:6      | Noticed a troll
  3861 | D:6      | Killed a troll
  3862 | D:6      | Reached skill level 5 in Fighting
  3862 | D:6      | Reached skill level 8 in Unarmed Combat
  4227 | D:6      | Killed Jase's ghost
  4228 | D:6      | Reached XP level 9. HP: 62/88 MP: 8/8
  4230 | D:6      | Reached * piety under Cheibriados
  4232 | D:6      | Reached skill level 9 in Unarmed Combat
  4424 | D:7      | Found an iron altar of Okawaru.
  4677 | D:7      | Reached skill level 10 in Unarmed Combat
  4696 | D:7      | Reached ** piety under Cheibriados
  4701 | D:7      | Reached XP level 10. HP: 36/100 MP: 9/9
  4813 | D:7      | Found a shimmering altar of Xom.
  5091 | D:7      | Found an ornate altar of the Wu Jian Council.
  5253 | D:8      | Reached skill level 11 in Unarmed Combat
  5286 | D:8      | Reached *** piety under Cheibriados
  5306 | D:8      | Slain by a killer bee

Illustrated notes

Levels and vault maps discovered:
D:1:      lightli_arrival_statue_moat, layout_basic, hex_intersection
D:2:      layout_loops_cross, shapermc_ecumenical_altar_starsandcircs,
          serial_shops, nicolae_diamond_shop, minmay_domino_4
D:3:      layout_rooms, fedhas_ov_isle_minmay, serial_curves, eino_curves_04,
          eino_curves_04
D:4:      layout_rooms, cheibrodos_sewer_entry_drain
D:5:      layout_cave_pools, minmay_temple_entry_wispy, serial_shops, shop,
          st_stairs_12, grunt_tough_drop
D:6:      layout_rooms, gammafunk_ghost_icy, nicolae_fountain_basement,
          uniq_grinder
D:7:      layout_basic, general_overflow_altar, dk_xom_monty_hall,
          pdpol_wu_jian_five_deadly_venoms, serial_undead, serial_undead_e,
          serial_undead_c, serial_undead_f, serial_undead_b,
          nrook_pool_corridor, kennysheep_generic_room_5
D:8:      layout_basic, nicolae_overflow_hidden_temple,
          grunt_lair_entry_orc_guard_hut, serial_shops, kennysheep_mini_moat,
          roderic_roman_lattice, kennysheep_generic_room_6, uniq_erica
Temple:   nicolae_temple_two_arcs

Skill      XL: |  1  2  3  4  5  6  7  8  9 10 |
---------------+-------------------------------+-----
Shields        | 3 4 5 6 7 |  7.6
Unarmed Combat | 3 4 5 7 8 10 11 | 11.1
Fighting       | 3 4 5 6 |  6.9
Dodging        | |  2.4

Action                   |  1- 3 |  4- 6 |  7- 9 | 10-12 || total
-------------------------+-------+-------+-------+-------++-------
Melee: Unarmed           |   133 |   271 |   168 |    78 ||   650
  Use: Scroll            |       |    14 |     2 |       ||    16
       Potion            |       |     3 |     2 |       ||     5
 Stab: Sleeping          |     1 |     1 |     1 |       ||     3
       Invisible         |       |       |     2 |       ||     2
Armor: Robe              |    66 |   111 |    13 |     5 ||   195
Dodge: Dodged            |    68 |   113 |    29 |    28 ||   238
Block: Kite shield       |    54 |   151 |       |       ||   205
       Tower shield      |       |    20 |   144 |   131 ||   295
